 Dungeon Crawl Stone Soup version 0.13-a0-1502-g99810c3 (webtiles) character file.

126 Kae the Vexing (level 3, -2/16 HPs)
             Began as a Spriggan Enchanter on June 9, 2013.
             Slain by an adder (4 damage)
             ... on Level 2 of the Dungeon.
             The game lasted 00:02:15 (1230 turns).

Kae the Vexing (Spriggan Enchanter)                 Turns: 1230, Time: 00:02:15

HP  -2/16        AC  3     Str  5      XL: 3   Next: 17%
MP   7/9         EV 17     Int 16      God:
Gold 91          SH 10     Dex 16      Spells:  2 memorised,  3 levels left

Res.Fire  : . . .   See Invis. : +   a - +1 dagger {=f}
Res.Cold  : . . .   Warding    : .   b - +1 robe
Life Prot.: . . .   Conserve   : .   l - +0 buckler (curse)
Res.Poison: .       Res.Corr.  : .   (helmet restricted)
Res.Elec. : .       Clarity    : .   (no cloak)
Sust.Abil.: . .     Spirit.Shd : .   (gloves unavailable)
Res.Mut.  : .       Stasis     : .   (boots unavailable)
Res.Rott. : .       Flight     : .   (no amulet)
Saprovore : . . .                    (no ring)
                                     (no ring)

@: mildly poisoned, very quick, slightly resistant to hostile enchantments,
stealthy
A: unfitting armour, see invisible, herbivore 3, speed 3, slow metabolism 2
a: no special abilities


You were on level 2 of the Dungeon.
You were not hungry.

You visited 1 branch of the dungeon, and saw 2 of its levels.

You collected 71 gold pieces.

Inventory:

Hand weapons
 a - a +1,+1 dagger (weapon) {=f}
Missiles
 d - 12 darts (quivered)
Armour
 b - a +1 robe (worn)
 l - a cursed +0 buckler (worn)
Scrolls
 f - a scroll of fog {unknown}
 g - a scroll of recharging {unknown}
 h - a scroll of blinking {unknown}
 i - 3 scrolls of teleportation {unknown}
 k - a scroll of curse jewellery {unknown}
 m - a scroll of identify {unknown}
Jewellery
 j - a +3 ring of dexterity {unknown}
Potions
 e - a potion of porridge
Books
 c - a book of Maledictions

   Spells                             Type                      Level
   *Corona                            Hexes                        1
   Sure Blade                         Hexes/Charms                 2
   *Ensorcelled Hibernation           Hexes/Ice                    2
   Confuse                            Hexes                        3
   Enslavement                        Hexes                        4
   Invisibility                       Hexes                        6


   Skills:
 * Level 2.3 Short Blades
 - Level 1.1 Throwing
 - Level 3.0 Dodging
 + Level 3.8 Stealth
 + Level 2.0 Spellcasting
 + Level 3.9 Hexes


You had 3 spell levels left.
You knew the following spells:

 Your Spells              Type           Power        Failure   Level  Hunger
a - Corona                Hex            ##.....      8%          1    #......
b - Ensorcelled Hibernat  Hex/Ice        #.....       21%         2    ###....


Dungeon Overview and Level Annotations

Branches:
Dungeon (2/27)

Altars:


Innate Abilities, Weirdness & Mutations

You are tiny and cannot use many weapons and most armour.
You have supernaturally acute eyesight.
You are a herbivore.
You cover ground extremely quickly.
You need consume almost no food.


Message History

The adder is lightly wounded.
You feel sick. The adder closely misses you.
You closely miss the adder.
The adder is lightly wounded.
The adder bites you but does no damage.
You closely miss the adder.
The adder is lightly wounded.
The adder bites you.
You hit the adder.
The adder is lightly wounded.
The adder bites you.
* * * LOW HITPOINT WARNING * * *
You are too injured to fight recklessly!
You are too injured to fight recklessly!
Cast which spell? (? or * to list)
Aiming: Ensorcelled Hibernation
Press: ? - help, Shift-Dir - straight line, f - adder
Aim: an adder (lightly wounded)
The adder resists.
The adder bites you.
You die...

#.# #.######.# #.#
#........# #####.#
#....<...# ......#
#........# ####### #
#####........# ...
..............#
....######........#
.............#'###.#
.......S@.#.##.# .#
..........#.##.# #
.........#.##.#
####.....#.##.#
#####.#.##.#
..#.##.# ........
........ .....


You could see an adder.

Vanquished Creatures
  2 adders (D:2)
  4 hobgoblins (D:1)
  3 kobolds
  A bat (D:2)
  2 giant cockroaches (D:1)
  3 giant newts (D:1)
  A goblin (D:1)
  3 rats
19 creatures vanquished.

Notes
Turn   | Place    | Note
--------------------------------------------------------------
     0 | D:1      | Kae, the Spriggan Enchanter, began the quest for the Orb.
     0 | D:1      | Reached XP level 1. HP: 9/9 MP: 4/4
   620 | D:1      | Reached XP level 2. HP: 13/13 MP: 6/6
  1041 | D:2      | Reached XP level 3. HP: 16/16 MP: 7/9
  1045 | D:2      | Learned a level 2 spell: Ensorcelled Hibernation
  1230 | D:2      | Slain by an adder

Action                   || total
-------------------------++-------
Melee: Dagger            ||    76
 Cast: Ensorcelled Hiber ||     1
 Stab: Sleeping          ||     5
